 Dungeon Crawl Stone Soup version bcrawl-1.28.1b (webtiles) character file.

Game seed: 17213813211183924777

291476 Adamkad1 the Changer (level 8, 0/67 HPs)
             Began as a Red Draconian Transmuter on Dec 12, 2020.
             Succumbed to a scorpion's poison
             ... on level 5 of the Dungeon.
             The game lasted 00:07:11 (3784 turns).

Adamkad1 the Changer (Red Draconian Transmuter)     Turns: 3784, Time: 00:07:11

Health: 0/67       AC:  2    Str: 16    XL:     8   Next: 21%
Magic:  8/14       EV: 19    Int: 20    God:
Gold:   161        SH:  0    Dex: 18    Spells: 7/15 levels left

rFire    + . .     SeeInvis .     - Fangs (venom) (8.8)
rCold    + . .     Gourm    .   (shield currently unavailable)
rNeg     . . .     Faith    .   (armour unavailable)
rPois    .         Spirit   .   (helmet currently unavailable)
rElec    +         Reflect  .   (cloak currently unavailable)
rCorr    +         Harm     .   (gloves currently unavailable)
MR       .....                  (boots currently unavailable)
Stlth    ++........             (no amulet)
HPRegen  0.21/turn              (no ring)
MPRegen  0.14/turn              (no ring)

@: brilliant, lethally poisoned (0 -> -25), spider-form (expiring), resistant,
very slightly contaminated, heavily drained
A: tiny, (breathe fire), unfitting armour, clever 1, strong 1, AC +6
a: End Transformation


You were on level 5 of the Dungeon.
You were not hungry.
You were a venomous arachnid creature.
You visited 1 branch of the dungeon, and saw 6 of its levels.
You also visited: Sewer.

You collected 161 gold pieces.

Inventory:

Missiles
 a - 719 arrows
Armour
 p - a +0 cloak
Jewellery
 f - a +5 ring of intelligence {unknown}
Wands
 c - a wand of polymorph (8)
Scrolls
 b - 7 scrolls of identify
 d - 2 scrolls of amnesia {unknown}
 g - a scroll of enchant weapon {unknown}
 h - a scroll of fear {unknown}
 i - a scroll of blinking {unknown}
 k - 2 scrolls of enchant armour {unknown}
 l - a scroll of remove curse {unknown}
 m - a scroll of silence {unknown}
 n - 3 scrolls of teleportation {unknown}
 q - a scroll of fog {unknown}
 s - a scroll of magic mapping {unknown}
Potions
 j - a potion of brilliance
Comestibles
 e - 9 rations {!d}


   Skills:
 + Level 4.4(1.7) Fighting
 + Level 4.0(1.4) Dodging
 + Level 5.0(2.3) Unarmed Combat
 + Level 4.1(1.5) Spellcasting
 * Level 5.8(3.0) Transmutations


You had 7 spell levels left.
You knew the following spells:

 Your Spells              Type           Power        Failure   Level  Hunger
a - Beastly Appendage     Tmut           ####..       1%          1    None
b - Spider Form           Tmut/Pois      ###          6%          3    #####..
c - Ice Form              Ice/Tmut       ###.....     16%         4    ######.

Your spell library contained the following spells:

 Spells                   Type           Power        Failure   Level  Hunger
 Sticks to Snakes         Tmut           ####....     2%          2    ###....
 Passwall                 Tmut/Erth      ###.....     4%          2    ###....
 Blade Hands              Tmut           ####......   22%         5    #######


Dungeon Overview and Level Annotations

Branches:
Dungeon (6/12)
 Temple: D:4-7

Altars:
Elyvilon
Lugonu

Shops:
D:4 ?   D:5 (

Annotations:
D:2 Robin
D:4 1 runed translucent door, Quickbrownfox's ghost, amateur DsAc


Innate Abilities, Weirdness & Mutations

((You can breathe blasts of fire.))
((Your fiery red scales are hard. (AC +6)))
You cannot fit into any form of body armour.
((Your flesh is heat resistant. (rF+)))
((You are cold-blooded and may be slowed by cold attacks.))
Your mind is acute. (Int +2)
Your muscles are strong. (Str +2)


Message History

Your skin glows momentarily.
You feel sick. The scorpion closely misses you.
Casting: Spider Form (slightly dangerous; 36% risk of failure)
Confirm with . or Enter, or press ? or * to list all spells.
You turn into a venomous arachnid creature.
Your transformation is almost over.
You feel sick. The scorpion stings you.
* * * LOW HITPOINT WARNING * * *
You are lethally poisoned!
The scorpion poisons you!
You hit the scorpion but do no damage.
The scorpion is poisoned.
* * * LOW HITPOINT WARNING * * *
You feel very sick. The scorpion barely misses you.
It was a potion of brilliance.
You feel clever all of a sudden.
* * * LOW HITPOINT WARNING * * *
You feel sick. The scorpion misses you.
It was a potion of resistance.
You feel protected.
You die...

#..................#####
###
#.............###..O...##
##.. #....#......<.#
##.###..###..#
#....#..##.####
#..<.#.##..## #....#..##.#
#######[.....###
####.#..##.#
#.....[.#....... #.#..##.#
#.........#.##..
#....##.####.......###....#
#....#....ss.......# #..###
####.......####..[....#
#..# #......###.# #.>.....#
#..### #......#
#.############ #....#
#......#
#.....##########.##..
########
#####........z...####
##############


You could see a scorpion.

Vanquished Creatures
  A crocodile (Sewer)
  A sky beast (D:4)
  3 phantoms
  A centaur (D:5)
  A scorpion (D:5)
  5 wights
  A bullfrog zombie (D:5)
  2 hounds (D:4)
  Crazy Yiuf (D:4)
  2 iguanas
  Ijyb (D:4)
  2 worker ants (D:5)
  A hound skeleton (D:5)
  2 howler monkey zombies (D:5)
  A worker ant zombie (D:5)
  A gnoll (D:3)
  6 adders
  2 oozes (D:5)
  2 worms
  A dart slug (D:1)
  3 leopard geckos
  3 orcs (D:4)
  2 bats (D:1)
  3 giant cockroaches
  2 goblins (D:1)
  3 hobgoblins (D:1)
  4 jackals
  4 kobolds
  A quokka (D:4)
  2 rats
64 creatures vanquished.

Notes
Turn   | Place    | Note
-------+----------+-------------------------------------------
     0 | D:1      | Adamkad1 the Draconian Transmuter began the quest for the
                  | Orb.
     0 | D:1      | Reached XP level 1. HP: 16/16 MP: 3/3
   100 | D:1      | Reached XP level 2. HP: 7/23 MP: 3/5
   438 | D:2      | Noticed Robin
   442 | D:3      | Found a glowing drain.
   477 | D:3      | Reached XP level 3. HP: 13/29 MP: 4/6
   505 | D:3      | Gained mutation: You possess an exceptional clarity of
                  | mind. [potion of mutation]
   505 | D:3      | Lost mutation: You possess an exceptional clarity of mind.
                  | [potion of mutation]
   505 | D:3      | Gained mutation: Your muscles are strong. (Str +2) [potion
                  | of mutation]
   505 | D:3      | Gained mutation: Your mind is acute. (Int +2) [potion of
                  | mutation]
   515 | D:3      | Reached XP level 4. HP: 20/36 MP: 7/7
   606 | D:3      | Learned a level 3 spell: Spider Form
   622 | Sewer    | Entered a sewer
   629 | Sewer    | Learned a level 4 spell: Ice Form
   700 | Sewer    | Noticed a crocodile
   713 | Sewer    | Killed a crocodile
   714 | Sewer    | Reached XP level 5. HP: 42/42 MP: 5/9
  1295 | D:4      | Found a runed translucent door.
  1299 | D:4      | Noticed Quickbrownfox's ghost (amateur DsAc)
  1319 | D:4      | Noticed Ijyb
  1358 | D:4      | Killed Ijyb
  1381 | D:4      | Reached XP level 6. HP: 8/50 MP: 10/10
  1545 | D:4      | Noticed a sky beast
  1554 | D:4      | Killed a sky beast
  1829 | D:4      | Found Ohaamonn's Magic Scroll Boutique.
  2065 | D:4      | Found a runed door.
  2070 | D:4      | Noticed Crazy Yiuf
  2075 | D:4      | Killed Crazy Yiuf
  2191 | D:4      | Your scales start taking on a fiery red colour.
  2191 | D:4      | Reached XP level 7. HP: 55/57 MP: 5/12
  2191 | D:4      | Gained mutation: Your flesh is heat resistant. (rF+) [Red
                  | Draconian growth]
  2219 | D:5      | Entered Level 5 of the Dungeon
  2454 | D:5      | Found Sasta's Weapon Shoppe.
  2576 | D:5      | Found a corrupted altar of Lugonu.
  2594 | D:5      | Reached skill level 5 in Transmutations
  3102 | D:5      | Reached XP level 8. HP: 66/66 MP: 10/14
  3482 | D:6      | Reached skill level 5 in Unarmed Combat
  3503 | D:5      | HP: 3/67 [ogre/+0 giant spiked club (24)]
  3753 | D:6      | Found a white marble altar of Elyvilon.
  3782 | D:5      | HP: 3/67 [poisoned by a scorpion]
  3784 | D:5      | Succumbed to a scorpion's poison

Skill      XL: |  1  2  3  4  5  6  7  8 |
---------------+-------------------------+-----
Dodging        | 2 3 4 |  4.0
Fighting       | 2 3 4 |  4.4
Transmutations | 3 4 5 |  5.8
Spellcasting   | 3 4 |  4.1
Unarmed Combat | 4 5 |  5.0

Action                   |  1- 3 |  4- 6 |  7- 9 || total
-------------------------+-------+-------+-------++-------
Melee: Unarmed           |    91 |   140 |   143 ||   374
       Kick              |     9 |       |       ||     9
       Tailslap          |     7 |     3 |     5 ||    15
       Headbutt          |     1 |     1 |       ||     2
       Punch             |       |     1 |       ||     1
 Cast: Beastly Appendage |    10 |     2 |       ||    12
       Spider Form       |       |     8 |    20 ||    28
 Abil: Breathe Fire      |       |       |     1 ||     1
  Use: Potion            |     2 |     2 |     3 ||     7
  Eat: Chunk             |       |    12 |     6 ||    18
       Ration            |       |       |     2 ||     2
Armor: Skin              |    19 |    11 |     6 ||    36
Dodge: Dodged            |    61 |    92 |   123 ||   276
